 Dungeon Crawl Stone Soup version 0.31.0-11-ge490571c62 (webtiles) character file.

Game seed: 10378476376516109930

7856 qw the Nimble (level 11, -4/55 HPs)
             Began as a Spriggan Hunter on Feb 4, 2024.
             Was an Elder of Okawaru.
             Shot with a bolt by a centaur warrior (8 damage)
             ... on level 9 of the Dungeon.
             The game lasted 00:00:37 (6905 turns).

qw the Nimble (Spriggan Hunter)                     Turns: 6905, Time: 00:00:37

Health: -4/55      AC:  8    Str:  7    XL:     11   Next: 2%
Magic:  11/15      EV: 33    Int: 10    God:    Okawaru [****..]
Gold:   577        SH:  0    Dex: 27    Spells: 10/10 levels left

rFire   . . .        j - +0 orcbow
rCold   . . .        (shield currently unavailable)
rNeg    + . .        c - +0 robe
rPois   .            d - +2 hat
rElec   .            (no cloak)
rCorr   .            (gloves unavailable)
SInv    +            (boots unavailable)
Will    +....        (no amulet)
Stlth   +++          f - +4 ring of protection
HPRegen 0.29/turn    i - ring of Duorgh {rN+ Dex+3}
MPRegen 0.14/turn

%: no passive effects
@: finesse-ful, very quick
A: very small, no large weapons, unfitting armour, see invisible, speed 3
a: Renounce Religion, Heroism, Finesse


You were on level 9 of the Dungeon.
You worshipped Okawaru.
Okawaru was greatly pleased with you.
You visited 2 branches of the dungeon, and saw 12 of its levels.

You collected 1645 gold pieces.
You spent 1068 gold pieces at shops.


Innate Abilities, Weirdness & Mutations

You are very small and have problems with some larger weapons.
You are too small for most types of armour.
You have supernaturally acute eyesight. (SInv)
You cover ground extremely quickly. (Speed+++)


   Skills:
 - Level 5.1 Fighting
 - Level 12.1 Ranged Weapons
 + Level 13.5 Dodging
 - Level 1.5 Stealth
 + Level 4.3 Invocations


You had 10 spell levels left.
You didn't know any spells.
Your spell library was empty.

Inventory:

Hand Weapons
 j - a +0 orcbow (weapon)
Armour
 c - a +0 robe (worn)
 d - a +2 hat (worn)
Jewellery
 f - a +4 ring of protection (left hand)
 i - the ring of Duorgh (right hand) {rN+ Dex+3}
   (You found it on level 5 of the Dungeon)

   [ring of positive energy]

   Dex+3:     It affects your dexterity (+3).
   rN+:       It protects you from negative energy.
 Y - a ring of protection from fire
Wands
 b - a wand of iceblast (15)
 h - a wand of digging (9)
 k - a wand of charming (18)
 o - a wand of polymorph (9)
Potions
 e - 3 potions of mutation
 g - 4 potions of curing
 m - 2 potions of enlightenment
 n - a potion of might

Dungeon Overview and Level Annotations

Branches:
Dungeon (11/15)            Temple (1/1) D:5
   Lair: D:8-11         Orc: D:9-12

Altars:
Ashenzari
Cheibriados
Dithmenos
Elyvilon
Fedhas
Gozag
Hepliaklqana
Kikubaaqudgha
Makhleb
Nemelex Xobeh
Okawaru
Ru
Sif Muna
Uskayaw
Vehumet
Wu Jian
Xom
Yredelemnul
Zin
The Shining One

Shops:
D:5 *


Message History

The two-headed ogre is almost dead.
You shoot an arrow.
The arrow hits the two-headed ogre but does no damage.
The two-headed ogre is almost dead.
The two-headed ogre closely misses you.
The two-headed ogre completely misses you.
You shoot an arrow. The arrow hits the two-headed ogre!
You kill the two-headed ogre!
Okawaru is honoured by your kill.
You can now speed up your combat.
You have reached level 11!
You start resting.
A centaur warrior comes into view.
It is wielding a +2 arbalest of freezing.
You shoot an arrow. The centaur warrior shouts!
The arrow hits the centaur warrior.
The centaur warrior is lightly wounded.
You shoot an arrow.
The arrow hits the centaur warrior but does no damage.
The centaur warrior is lightly wounded.
The centaur warrior shoots a bolt.
The bolt hits you! The bolt freezes you.
You shoot an arrow. The arrow hits the centaur warrior!
The centaur warrior is moderately wounded.
The centaur warrior shoots a bolt.
The bolt misses you.
You shoot an arrow.
The arrow hits the centaur warrior but does no damage.
The centaur warrior is moderately wounded.
You shoot an arrow.
The arrow barely misses the centaur warrior.
You shoot an arrow. The arrow hits the centaur warrior!
The centaur warrior is heavily wounded.
The centaur warrior shoots a bolt.
The bolt barely misses you.
You shoot an arrow. The arrow hits the centaur warrior.
The centaur warrior is heavily wounded.
You shoot an arrow.
The arrow hits the centaur warrior but does no damage.
The centaur warrior is heavily wounded.
The centaur warrior shoots a bolt.
The bolt hits you!! The bolt freezes you.
6905 ||| FLEEEEING.
The centaur warrior shoots a bolt.
The bolt hits you! The bolt freezes you!
You die...

######....#.....#.##.
#......[#.#.....#.##.
#.>.....'.'.._..#....
#.......#.#.....#.###
#.......#.#.....#.# # #
#.......#.#######.# #
#.#########.........#
#.....................
#.....@.)....c.........
#........###............
#.<....)#..###......
#.......##...###.... .
#.......# ##...###.. .
........# .## ## .
........# .. . ........#
. .# # ....... K#.$#


You could see a centaur warrior.

Vanquished Creatures
  2 centaur warriors (D:9)
  A two-headed ogre (D:9)
  A deep elf pyromancer (D:9)
  A cyclops (D:8)
  A kobold demonologist (D:9)
  A troll (D:9)
  Eustachio (D:4)
  8 yaks
  A wyvern (D:9)
  A steam dragon (D:9)
  Edmund (D:5)
  2 sky beasts
  2 orc warriors
  A black bear (D:6)
  2 ogres (D:5)
  A centaur (D:6)
  Blork the orc (D:5)
  3 kobold brigands
  6 bullfrogs
  3 scorpions
  9 wights
  4 killer bees (D:5)
  A howler monkey (D:9)
  4 jellies
  5 hounds
  3 orc priests
  2 iguanas
  Jessica (D:2)
  A sleepcap (D:6)
  Ijyb (D:4)
  7 orc wizards
  9 adders
  3 gnolls (D:6)
  6 dart slugs
  16 orcs
  8 endoplasms
  3 giant cockroaches
  7 goblins
  3 hobgoblins
  10 jackals
  10 kobolds
  3 quokkas
  11 ball pythons
  4 bats
  A frilled lizard (D:1)
  3 rats
175 creatures vanquished.

Notes
Turn   | Place    | Note
-------+----------+-------------------------------------------
     0 | D:1      | qw the Spriggan Hunter began the quest for the Orb.
     0 | D:1      | Reached XP level 1. HP: 10/10 MP: 2/2
     0 | D:1      | 0 ||| qw: Version: 0.3-a-160-g6735b56
     0 | D:1      | 0 ||| qw: Game counter: 4386
     0 | D:1      | 0 ||| qw: Melee chars always use a shield: true
     0 | D:1      | 0 ||| qw: God list: Okawaru
     0 | D:1      | 0 ||| qw: Allow faded altars: false
     0 | D:1      | 0 ||| qw: Do Orc after clearing Dungeon:15 true
     0 | D:1      | 0 ||| qw: Do second Lair branch before Depths: true
     0 | D:1      | 0 ||| qw: Lair rune preference: random
     0 | D:1      | 0 ||| qw: Goals: Normal
     0 | D:1      | 0 ||| PLANNING D:1-11
    73 | D:1      | Reached skill level 3 in Dodging
   129 | D:1      | Reached XP level 2. HP: 14/14 MP: 3/3
   197 | D:1      | Reached skill level 4 in Dodging
   689 | D:1      | Reached XP level 3. HP: 15/18 MP: 4/4
   763 | D:1      | 763 ||| UPGRADING to +4 ring of protection.
   764 | D:1      | 764 ||| UPGRADING to ring of protection from fire.
   765 | D:1      | 765 ||| READING scroll labelled REXZALA LIZEH.
   766 | D:1      | 766 ||| READING 2 scrolls labelled TUHAXO DOEBI.
   767 | D:1      | 767 ||| READING scroll labelled WAACSUXZ CUDGH.
   768 | D:1      | 768 ||| READING scroll labelled BEVU TOONUS.
   768 | D:1      | 768 ||| BRANDING +0 shortbow.
   769 | D:1      | 769 ||| READING scroll labelled SUREOD MOWKAIQ.
   870 | D:1      | 870 ||| DROPPING scroll of butterflies.
   871 | D:1      | 871 ||| DROPPING scroll of revelation.
   923 | D:2      | Found a white marble altar of Elyvilon.
  1088 | D:2      | Found a faded altar of an unknown god.
  1102 | D:2      | Reached XP level 4. HP: 21/22 MP: 5/5
  1166 | D:2      | Noticed Jessica
  1167 | D:2      | Killed Jessica
  1328 | D:2      | Reached skill level 5 in Dodging
  1552 | D:2      | 1552 ||| READING 2 scrolls labelled VUKHOUBLIJ.
  1552 | D:2      | 1552 ||| ENCHANTING +0 shortbow of draining.
  1553 | D:2      | 1553 ||| READING scroll of enchant weapon.
  1553 | D:2      | 1553 ||| ENCHANTING +1 shortbow of draining.
  1554 | D:2      | 1554 ||| READING scroll labelled BILE ZUIRCHOJ.
  1555 | D:2      | 1555 ||| READING 3 scrolls labelled VYLOCSUHEI.
  1555 | D:2      | 1555 ||| IDENTIFYING viscous dark potion
  1556 | D:2      | 1556 ||| READING 2 scrolls of identify.
  1556 | D:2      | 1556 ||| IDENTIFYING cyan potion
  1557 | D:2      | 1557 ||| READING scroll of identify.
  1557 | D:2      | 1557 ||| IDENTIFYING blue potion
  1558 | D:2      | 1558 ||| READING scroll labelled LIF HOQYPOIRU.
  1559 | D:2      | 1559 ||| DRINKING 3 inky potions.
  2214 | D:3      | 2214 ||| DROPPING ring of wizardry.
  2215 | D:3      | 2215 ||| READING scroll of identify.
  2215 | D:3      | 2215 ||| IDENTIFYING ruby potion
  2216 | D:3      | 2216 ||| READING scroll labelled HUQAMN ILAPNI.
  2317 | D:3      | 2317 ||| READING scroll labelled WOISHE RUFFA.
  2317 | D:3      | Identified a scroll of acquirement
  2317 | D:3      | 2317 ||| ACQUIRING 1030 gold pieces
  2317 | D:3      | Acquired 1030 gold pieces
  2319 | D:3      | 2319 ||| READING scroll labelled NUGRADGHI NOEHIMORGH.
  2323 | D:3      | 2323 ||| READING scroll labelled OHAMUR GIURY.
  2366 | D:3      | 2366 ||| DRINKING 3 coppery potions.
  2367 | D:3      | 2367 ||| DROPPING 2 potions of attraction.
  2458 | D:4      | Reached XP level 5. HP: 26/26 MP: 6/6
  2611 | D:4      | Found a shimmering altar of Xom.
  2848 | D:4      | Reached skill level 6 in Ranged Weapons
  2850 | D:4      | HP: 6/26 [poisoned by an adder]
  2851 | D:4      | 2851 ||| DRINKING 2 potions of heal wounds.
  2971 | D:4      | Noticed Ijyb
  2975 | D:4      | Killed Ijyb
  3026 | D:4      | Noticed Eustachio
  3027 | D:4      | 3027 ||| DRINKING potion of haste.
  3040 | D:4      | Killed Eustachio
  3041 | D:4      | Reached skill level 7 in Dodging
  3041 | D:4      | Reached XP level 6. HP: 14/30 MP: 7/7
  3041 | D:4      | 3041 ||| DRINKING 4 potions of curing.
  3041 | D:4      | 3041 ||| (to cure poison)
  3570 | D:5      | Entered Level 5 of the Dungeon
  3588 | D:5      | 3588 ||| RETREEEEATING.
  3590 | D:5      | 3590 ||| RETREEEEATING.
  3593 | D:5      | 3593 ||| RETREEEEATING.
  3595 | D:5      | 3595 ||| RETREEEEATING.
  3596 | D:5      | 3596 ||| RETREEEEATING.
  3598 | D:5      | 3598 ||| RETREEEEATING.
  3599 | D:5      | 3599 ||| RETREEEEATING.
  3600 | D:5      | 3600 ||| RETREEEEATING.
  3601 | D:5      | 3601 ||| RETREEEEATING.
  3603 | D:5      | Reached XP level 7. HP: 18/35 MP: 8/8
  3611 | D:5      | HP: 8/35 [poisoned by a killer bee]
  3612 | D:5      | 3612 ||| DRINKING potion of heal wounds.
  3698 | D:5      | Found Sapinwigiur's Overcharged Wands.
  3710 | D:5      | Identified the ring of Duorgh {rN+ Dex+3}
  3717 | D:5      | 3717 ||| BUYING wand of charming (18) (648 gold).
  3717 | D:5      | Bought a wand of charming (18) for 648 gold pieces
  3717 | D:5      | 3717 ||| SHOPLISTING wand of digging (11) (693 gold, have
                  | 586).
  3717 | D:5      | 3717 ||| BUYING wand of flame (40) (420 gold).
  3717 | D:5      | Bought a wand of flame (40) for 420 gold pieces
  3717 | D:5      | 3717 ||| SHOPLISTING wand of flame (40) (420 gold, have
                  | 166).
  3717 | D:5      | 3717 ||| SHOPLISTING wand of polymorph (18) (378 gold, have
                  | 166).
  3813 | D:5      | Noticed Edmund
  3830 | D:5      | Killed Edmund
  3831 | D:5      | Reached skill level 8 in Dodging
  3831 | D:5      | Reached XP level 8. HP: 38/39 MP: 9/9
  3843 | D:5      | Found a staircase to the Ecumenical Temple.
  3844 | D:5      | 3844 ||| PLANNING TEMPLE
  3844 | D:5      | 3844 ||| UPGRADING to +2 hat.
  3849 | D:5      | 3849 ||| UPGRADING to ring of Duorgh {rN+ Dex+3}.
  3851 | D:5      | 3851 ||| FLEEEEING.
  3852 | D:5      | 3852 ||| FLEEEEING.
  3853 | D:5      | 3853 ||| FLEEEEING.
  3854 | D:5      | 3854 ||| FLEEEEING.
  3855 | D:5      | 3855 ||| FLEEEEING.
  3856 | D:5      | 3856 ||| FLEEEEING.
  3857 | D:5      | 3857 ||| DRINKING 2 fizzy brown potions.
  3858 | D:5      | 3858 ||| DROPPING potion of degeneration.
  3860 | D:5      | 3860 ||| FLEEEEING.
  3876 | Temple   | Entered the Ecumenical Temple
  3877 | Temple   | 3877 ||| PLANNING OKAWARU WORSHIP
  3913 | Temple   | Became a worshipper of Warmaster Okawaru
  3914 | Temple   | 3914 ||| PLANNING D:1-11
  3965 | D:5      | Reached skill level 3 in Fighting
  4131 | D:5      | Noticed Blork the orc
  4138 | D:5      | Killed Blork the orc
  4448 | D:6      | Reached skill level 9 in Ranged Weapons
  4450 | D:6      | 4450 ||| READING scroll of enchant weapon.
  4450 | D:6      | 4450 ||| ENCHANTING +2 shortbow of draining.
  4474 | D:6      | Reached * piety under Okawaru
  4475 | D:6      | Reached skill level 9 in Dodging
  4501 | D:6      | Reached skill level 1 in Invocations
  4886 | D:6      | Reached XP level 9. HP: 44/44 MP: 11/11
  4935 | D:6      | 4935 ||| READING 3 scrolls of identify.
  4935 | D:6      | 4935 ||| IDENTIFYING sedimented inky potion
  4936 | D:6      | 4936 ||| DROPPING wand of flame (40).
  5007 | D:7      | Reached skill level 3 in Invocations
  5042 | D:7      | 5042 ||| RETREEEEATING.
  5045 | D:7      | Reached skill level 10 in Dodging
  5166 | D:7      | 5166 ||| READING scroll of enchant weapon.
  5166 | D:7      | 5166 ||| ENCHANTING +3 shortbow of draining.
  5752 | D:8      | Reached ** piety under Okawaru
  5758 | D:8      | Noticed a cyclops
  5759 | D:8      | 5759 ||| INVOKING Heroism.
  5766 | D:8      | Killed a cyclops
  5767 | D:8      | Reached skill level 11 in Dodging
  5809 | D:8      | You fall into a shaft and drop 3 floors!
  5818 | D:10     | Entered Level 10 of the Dungeon
  5835 | D:10     | 5835 ||| READING 2 scrolls of identify.
  5835 | D:10     | 5835 ||| IDENTIFYING black potion
  5836 | D:10     | 5836 ||| DROPPING potion of lignification.
  5850 | D:9      | 5850 ||| Stepping ~*~*~tactically~*~*~ (cloud).
  5855 | D:9      | 5855 ||| Stepping ~*~*~tactically~*~*~ (cloud).
  6025 | D:8      | 6025 ||| RETREEEEATING.
  6026 | D:8      | 6026 ||| RETREEEEATING.
  6027 | D:8      | 6027 ||| RETREEEEATING.
  6028 | D:8      | 6028 ||| INVOKING Heroism.
  6032 | D:8      | Reached skill level 12 in Dodging
  6035 | D:8      | Reached XP level 10. HP: 49/49 MP: 11/14
  6046 | D:8      | Reached *** piety under Okawaru
  6070 | D:8      | Identified the +0 ring mail of Bitterness {rCorr}
  6090 | D:8      | 6090 ||| READING scroll of enchant weapon.
  6090 | D:8      | 6090 ||| ENCHANTING +4 shortbow of draining.
  6328 | D:8      | 6328 ||| READING scroll of identify.
  6328 | D:8      | 6328 ||| IDENTIFYING scroll labelled ZYTHRU HUPHIEPU
  6329 | D:8      | 6329 ||| DROPPING scroll of fog.
  6426 | D:9      | 6426 ||| RETREEEEATING.
  6427 | D:9      | 6427 ||| RETREEEEATING.
  6429 | D:9      | 6429 ||| RETREEEEATING.
  6434 | D:9      | 6434 ||| RETREEEEATING.
  6552 | D:9      | Noticed an orange demon
  6552 | D:9      | 6552 ||| RETREEEEATING.
  6554 | D:9      | 6554 ||| INVOKING Heroism.
  6556 | D:9      | Noticed a deep elf pyromancer
  6557 | D:9      | 6557 ||| RETREEEEATING.
  6565 | D:9      | Noticed a centaur warrior
  6568 | D:9      | Killed a deep elf pyromancer
  6569 | D:9      | Reached skill level 13 in Dodging
  6573 | D:9      | 6573 ||| INVOKING Heroism.
  6576 | D:9      | Noticed a centaur warrior
  6606 | D:9      | 6606 ||| INVOKING Heroism.
  6606 | D:9      | HP: 12/49 [centaur warrior/staff of earth (9)]
  6607 | D:9      | 6607 ||| READING scroll of teleportation.
  6609 | D:9      | Killed a centaur warrior
  6609 | D:9      | Reached **** piety under Okawaru
  6610 | D:9      | Reached skill level 12 in Ranged Weapons
  6610 | D:9      | Found a hide-covered altar of Uskayaw.
  6785 | D:9      | Found a glowing silver altar of Zin.
  6797 | D:9      | 6797 ||| INVOKING Finesse.
  6807 | D:9      | Killed a centaur warrior
  6872 | D:9      | 6872 ||| SWAPPING to +0 orcbow.
  6873 | D:9      | 6873 ||| DROPPING +5 shortbow of draining.
  6875 | D:9      | Noticed a two-headed ogre
  6876 | D:9      | 6876 ||| INVOKING Finesse.
  6888 | D:9      | Killed a two-headed ogre
  6889 | D:9      | Reached XP level 11. HP: 55/55 MP: 9/15
  6896 | D:9      | Noticed a centaur warrior
  6905 | D:9      | 6905 ||| FLEEEEING.
  6905 | D:9      | HP: 4/55 [centaur warrior/bolt (15)]
  6905 | D:9      | Shot with a bolt by a centaur warrior

Levels and vault maps discovered:
D:1:      heliophobic_arrival_glass_houses, layout_basic,
          minmay_tree_intersection
D:2:      minmay_wonky_spiral, layout_basic, basic_altar,
          nicolae_ecumenical_snake_handling, uniq_crazy_yiuf_cottage,
          uniq_jessica
D:3:      layout_loops_ring
D:4:      layout_basic, mainiacjoe_overflow_alcove_1, uniq_ijyb, uniq_eustachio
D:5:      layout_gridville, temple_statues, nicolae_shop_overcharged_wands,
          uniq_edmund, uniq_blork_the_orc
D:6:      layout_rooms, serial_corexii_hall, chequers_hall_statues_corner_a,
          corexii_hall_statues_s
D:7:      layout_gridville, kennysheep_generic_room_10
D:8:      layout_loops_ring
D:9:      minmay_the_grid_triangle_9x9_recursive_2_mashed
          [minmay_the_grid_triangle_9x9_prize_insulated,
          minmay_the_grid_triangle_9x9_swiss_cheese,
          minmay_the_grid_triangle_9x9_descending_squares,
          minmay_the_grid_triangle_9x9_sparse_checkered], layout_irregular_city,
          amcnicky_altar_gilded, mainiacjoe_overflow_six_doors_small,
          kennysheep_path_1
D:10:     layout_loops_corners, jmf_multi_god_temple,
          minmay_orc_entry_temple_small
D:11:     layout_long_grid, dpeg_oklobed_lair, serial_shops,
          nicolae_shop_industrial_runoff
Temple:   minmay_crystal_spiral_temple

Skill      XL: |  1  2  3  4  5  6  7  8  9 10 |
---------------+-------------------------------+-----
Dodging        | 3 4 5 7 8 9 12 13 | 13.5
Ranged Weapons | 5 6 8 9 10 12 | 12.1
Fighting       | 2 3 4 5 |  5.1
Invocations    | 2 4 |  4.3
Stealth        | |  1.5

Action                     |  1- 3 |  4- 6 |  7- 9 | 10-12 || total
---------------------------+-------+-------+-------+-------++-------
   Fire: Shortbow          |    83 |   114 |   290 |   134 ||   621
         Orcbow            |       |       |       |    20 ||    20
 Invoke: Heroism           |       |       |     2 |     3 ||     5
         Finesse           |       |       |       |     2 ||     2
    Use: Scroll            |     5 |    12 |     4 |     3 ||    24
         Potion            |       |     5 |     2 |       ||     7
 Armour: Robe              |     7 |    20 |    11 |    22 ||    60
  Dodge: Dodged            |    23 |    47 |    92 |    72 ||   234

Table legend:
 A = Non-vault XP
 B = Vault XP
 C = Vault XP percentage of total XP
 D = Non-vault monster count
 E = Vault monster count
 F = Vault count percentage of total count
                 A         B        C        D         E       F
            +---------+---------+-------+---------+---------+-------
      Total |    7200 |    4023 |  35.8 |     152 |      23 |  13.1
            +---------+---------+-------+---------+---------+-------
        D:1 |      44 |       0 |   0.0 |      21 |       0 |   0.0
        D:2 |      48 |      63 |  56.8 |      14 |       9 |  39.1
        D:3 |      15 |       0 |   0.0 |       7 |       0 |   0.0
        D:4 |     250 |     247 |  49.7 |      17 |       2 |  10.5
        D:5 |     879 |     260 |  22.8 |      25 |       2 |   7.4
        D:6 |    1039 |       0 |   0.0 |      17 |       0 |   0.0
        D:7 |     898 |      96 |   9.7 |      23 |       1 |   4.2
        D:8 |    2142 |       0 |   0.0 |      15 |       0 |   0.0
        D:9 |    1885 |    3357 |  64.0 |      13 |       9 |  40.9
            +---------+---------+-------+---------+---------+-------
